 Dungeon Crawl Stone Soup version 0.14.1-24-gbdbe590 (webtiles) character file.

543 Kenran the Cleaver (level 6, -10/51 HPs)
             Began as a Hill Orc Berserker on June 19, 2014.
             Was a Priest of Trog.
             Killed by divine providence
             ... invoked by an orc priest
              (14 damage)
             ... on Level 4 of the Dungeon.
             The game lasted 00:10:11 (4447 turns).

Kenran the Cleaver (Hill Orc Berserker)             Turns: 4447, Time: 00:10:12

HP -10/51        AC  2     Str 20      XL: 6   Next: 41%
MP   6/6         EV 12     Int  7      God: Trog [***...]
Gold 233         SH  0     Dex 12      Spells:  0 memorised,  5 levels left

rFire  . . .     SeeInvis .     a - +0 hand axe
rCold  . . .     Clarity  .     b - +0 animal skin
rNeg   . . .     Conserve .     (no shield)
rPois  .         rCorr    .     (no helmet)
rElec  .         rRot     .     (no cloak)
SustAb . .       Spirit   .     (no gloves)
rMut   .         Warding  .     (no boots)
Saprov + . .     Stasis   .     (no amulet)
MR     .....                    (no ring)
                                h - ring of sustenance

@: about to teleport, not resistant to hostile enchantments, unstealthy
A: saprovore 1
a: Burn Spellbooks, Berserk, Trog's Hand, Renounce Religion, Convert to Beogh


You were on level 4 of the Dungeon.
You worshipped Trog.
Trog was most pleased with you.
You were not hungry.

You visited 1 branch of the dungeon, and saw 4 of its levels.

You collected 233 gold pieces.

Inventory:

Hand weapons
 a - a +0,+0 hand axe (weapon)
Armour
 b - a +0 animal skin (worn)
Comestibles
 m - a bread ration
 n - a meat ration
Scrolls
 d - a scroll of teleportation
 o - a scroll of noise {unknown}
 p - 2 scrolls of identify
Jewellery
 g - an uncursed amulet of faith {unknown}
 h - a ring of sustenance (left hand)
Potions
 c - 2 potions of berserk rage {unknown}
 e - a potion of invisibility {unknown}
 f - a potion of heal wounds {unknown}
 i - 2 potions of mutation {unknown}
 j - a potion of agility {unknown}
 k - a potion of restore abilities {unknown}
 l - a potion of curing {unknown}


   Skills:
 - Level 3.6 Fighting
 + Level 9.2 Axes
 - Level 2.1 Armour
 - Level 1.5 Dodging


You had 5 spell levels left.
You didn't know any spells.

Dungeon Overview and Level Annotations

Branches:
Dungeon (4/15)
 Temple: D:4-7

Altars:
Dithmenos
Kikubaaqudgha
The Shining One


Innate Abilities, Weirdness & Mutations

You can tolerate rotten meat.


Message History

The orc priest calls down the wrath of Beogh upon you.
Something smites you!
* * * LOW HITPOINT WARNING * * *
There is an open door, spattered with blood here.
The orc priest invokes the aid of Beogh against you.
Something smites you!
* * * LOW HITPOINT WARNING * * *
You barely miss the orc priest.
The orc priest shouts, "Surrender to Beogh and we'll let you live!"
The orc priest shouts, "Beogh is our master!
Accept the truth or die!"
The orc priest hits you with a club.
* * * LOW HITPOINT WARNING * * *
Drink which item? (? for menu, Esc to quit)
Okay, then.
Read which item? (? for menu, Esc to quit)
As you read the scroll of teleportation, it crumbles to dust.
You feel strangely unstable.
The orc priest invokes the aid of Beogh against you.
Something smites you!
You die...

#........#####.............####'
#####+#### ###########.### #.
#..# ## #.## ### #.# ....
#######'#### ..... #..........#
.......#####..........#####
......oooo@'..........'...#
.......#####..........###..
....o ############ ### ####


You could see an orc priest, an orc wizard and 2 orcs.

Vanquished Creatures
  A phantom (D:4)
  A hound (D:4)
  An orc wizard (D:4)
  A worker ant (D:4)
  4 gnolls (D:3)
  4 adders
  A worm (D:2)
  A giant eyeball (D:4)
  3 giant geckos
  An ooze (D:2)
  4 orcs
  10 goblins
  6 hobgoblins
  7 jackals
  9 kobolds
  A quokka (D:2)
  11 bats
  2 giant cockroaches
  4 giant newts
  A gnoll zombie (D:4)
  6 rats
  A rat skeleton (D:4)
80 creatures vanquished.

Vanquished Creatures (others)
  A human (D:2)
1 creature vanquished.

Grand Total: 81 creatures vanquished

Notes
Turn   | Place    | Note
--------------------------------------------------------------
     0 | D:1      | Kenran, the Hill Orc Berserker, began the quest for the Orb.
     0 | D:1      | Reached XP level 1. HP: 19/19 MP: 1/1
   225 | D:1      | Reached XP level 2. HP: 20/26 MP: 2/2
   276 | D:1      | Reached skill level 5 in Axes
   921 | D:1      | Reached XP level 3. HP: 8/31 MP: 3/3
   923 | D:1      | Acquired Trog's second power
  1349 | D:2      | Reached skill level 6 in Axes
  1497 | D:2      | Found a shadowy altar of Dithmenos.
  1509 | D:2      | Found a glowing golden altar of the Shining One.
  1562 | D:2      | Found an ancient bone altar of Kikubaaqudgha.
  1563 | D:2      | Noticed a human
  1565 | D:2      | Killed a human
  1567 | D:2      | Reached XP level 4. HP: 39/39 MP: 4/4
  2654 | D:3      | Reached skill level 7 in Axes
  2692 | D:3      | Reached XP level 5. HP: 38/45 MP: 5/5
  3361 | D:4      | Reached skill level 8 in Axes
  3949 | D:4      | Reached XP level 6. HP: 44/51 MP: 6/6
  4198 | D:4      | Noticed a phantom
  4239 | D:4      | Killed a phantom
  4239 | D:4      | Reached skill level 9 in Axes
  4447 | D:4      | Killed from afar by an orc priest

Action                   |  1- 3 |  4- 6 || total
-------------------------+-------+-------++-------
Melee: Hand axe          |   112 |   220 ||   332
  Use: Scroll            |     3 |     4 ||     7
